 Dungeon Sprint DCSS version 0.30.1-11-g7821555f0a (webtiles) character file.

Game seed: 9273263575272062857

94 Heoruswealwe the Poker (level 4, -5/45 HPs)
             Began as a Minotaur Fighter on Nov 3, 2023.
             Was an Initiate of Gozag.
             Slain by a troll (7 damage)
             ... in the Dungeon (Sprint IX: "|||||||||||||||||||||||||||||").
             The game lasted 00:01:01 (87 turns).

Heoruswealwe the Poker (Minotaur Fighter)             Turns: 87, Time: 00:01:03

Health: -5/45      AC:  7    Str: 22    XL:     4   Next: 38%
Magic:  3/3        EV:  9    Int:  5    God:    Gozag
Gold:   189        SH:  4    Dex: 10    Spells: 3/3 levels left

rFire   . . .        a - +0 trident
rCold   . . .        d - +0 buckler
rNeg    . . .        c - +0 scale mail
rPois   .            (helmet restricted)
rElec   .            (no cloak)
rCorr   .            (no gloves)
SInv    .            (no boots)
Will    .....        (no amulet) Stlth
                     (no ring)
HPRegen 0.27/turn    (no ring)
MPRegen 0.08/turn

%: no teleportation
@: no status effects
A: horns 2, retaliatory headbutt
a: Renounce Religion, Potion Petition, Call Merchant, Bribe Branch


You were in the Dungeon.
You worshipped Gozag.
Gozag was aware of your devotion.
You visited 1 branch You collected 189 gold pieces.

Inventory:

Hand Weapons
 a - a +0 trident (weapon)
Armour
 c - a +0 scale mail (worn)
 d - a +0 buckler (worn)
Jewellery
 m - a +3 ring of dexterity
 n - a +2 ring of evasion
Wands
 l - a wand of light (10)
Scrolls
 j - 2 scrolls of amnesia
 k - a scroll of blinking
Potions
 b - a potion of might
 e - 5 potions of curing
 f - 3 potions of heal wounds
 g - a potion of haste
 h - a potion of invisibility
 i - a potion of berserk rage


   Skills:
 + Level 6.3 Fighting
 * Level 7.8 Polearms
 + Level 6.3 Armour
 - Level 3.6 Shields


You had 3 spell levels left.
You didn't know any spells.
Your spell library was empty.

Dungeon Overview and Level Annotations

Branches:
Dungeon (1/1)

Altars:
Cheibriados
Dithmenos
Elyvilon
Fedhas
Gozag
Hepliaklqana
Kikubaaqudgha
Makhleb
Nemelex Xobeh
Okawaru
Qazlal
Ru
Sif Muna
Trog
Uskayaw
Vehumet
Wu Jian
Xom
Yredelemnul
Zin
The Shining One
Jiyva
Lugonu


Innate Abilities, Weirdness & Mutations

You have a pair of horns on your head.
You reflexively headbutt those who attack you in melee.


Message History

Found a +1 chain mail.
There is an open door here.
Found a +3 ring of dexterity.
h - a potion of invisibility;
f - 3 potions of heal wounds (gained 2)
e - 5 potions of curing (gained 4)
You see here 2 potions of magic.
Found a +2 ring of evasion.
j - 2 scrolls of amnesia;
k - a scroll of blinking
l - a wand of light (10)
Items here: )))))).
Okay, then.
You see here a +0 pair of gloves.
You see here a +0 cloak.
You see here a +1 chain mail.
m - a +3 ring of dexterity
n - a +2 ring of evasion You open the door.
A kobold brigand, a two-headed ogre, an orc priest, a wyvern, a killer bee and a troll come into view.
The kobold brigand is wielding a +2 dagger of freezing and quivering curare-tipped darts.
The kobold brigand shouts!
The two-headed ogre shouts in stereo!
The orc priest shouts!
The wyvern hisses angrily.
The killer bee buzzes angrily.
The troll shouts!
The wyvern hisses menacingly.
You hit the troll but do no damage. The troll bites you but does no damage.
The troll claws you but does no damage. The troll closely misses you.
The orc priest miscasts a cantrip.
You puncture the troll!
The troll is moderately wounded.
The troll bites you. You block the troll's attack. The troll claws you!
* * * LOW HITPOINT WARNING * * *
The orc priest looks satisfied for a moment.
You barely miss the troll. You headbutt the troll.
The troll is moderately wounded.
The troll bites you.
* * * LOW HITPOINT WARNING * * *
The troll claws you.
* * * LOW HITPOINT WARNING * * *
The troll claws you!
You die...
Your body crumbles into a pile of gold.

$
▓K▓
$
▓o▓
$ $
▓.▓
$
▓O▓
$ $
▓l▓
▓y▓
$ $
▓T▓
$
▓@▓
$
▓.▓
▓[▓
$
▓[▓
▓[▓
$
▓.▓
$
▓)▓
$
▓.▓
$
▓!▓


You could see a two-headed ogre, a troll, a wyvern, a kobold brigand, a killer
bee and an orc priest.

Vanquished Creatures
  A jelly (D)
  An iguana (D)
  A sleepcap (D)
  An adder (D)
  An orc (D)
  An endoplasm (D)
  A kobold (D)
  A ball python (D)
  A frilled lizard (D)
  A rat (D)
10 creatures vanquished.

Notes
Turn   | Place    | Note
-------+----------+-------------------------------------------
     0 | D        | Heoruswealwe the Minotaur Fighter began the quest for the
                  | Orb.
     0 | D        | Reached XP level 1. HP: 19/19 MP: 0/0
     6 | D        | Reached skill level 3 in Polearms
    21 | D        | Noticed a sleepcap
    21 | D        | Noticed an iguana
    21 | D        | Noticed a jelly
    23 | D        | Found a snail-covered altar of Cheibriados.
    23 | D        | Found a shadowy altar of Dithmenos.
    23 | D        | Found a white marble altar of Elyvilon.
    23 | D        | Found a blossoming altar of Fedhas.
    23 | D        | Found an opulent altar of Gozag.
    24 | D        | Found a hazy altar of Hepliaklqana.
    25 | D        | Found a viscous altar of Jiyva.
    26 | D        | Found an ancient bone altar of Kikubaaqudgha.
    27 | D        | Found a corrupted altar of Lugonu.
    28 | D        | Found a burning altar of Makhleb.
    29 | D        | Found a sparkling altar of Nemelex Xobeh.
    30 | D        | Found an iron altar of Okawaru.
    31 | D        | Became a worshipper of Gozag Ym Sagoz the Greedy
    33 | D        | Reached skill level 4 in Polearms
    33 | D        | Reached XP level 2. HP: 26/28 MP: 1/1
    40 | D        | Reached skill level 5 in Fighting
    40 | D        | Reached skill level 6 in Polearms
    40 | D        | Reached skill level 5 in Armour
    40 | D        | Reached XP level 3. HP: 13/36 MP: 2/2
    45 | D        | Reached skill level 7 in Polearms
    47 | D        | Reached XP level 4. HP: 14/45 MP: 3/3
    50 | D        | Found a stormy altar of Qazlal.
    51 | D        | Found a sacrificial altar of Ru.
    52 | D        | Found a shimmering blue altar of Sif Muna.
    53 | D        | Found a bloodstained altar of Trog.
    54 | D        | Found a hide-covered altar of Uskayaw.
    55 | D        | Found a radiant altar of Vehumet.
    56 | D        | Found an ornate altar of the Wu Jian Council.
    57 | D        | Found a shimmering altar of Xom.
    58 | D        | Found a basalt altar of Yredelemnul.
    59 | D        | Found a glowing silver altar of Zin.
    60 | D        | Found a glowing golden altar of the Shining One.
    84 | D        | Noticed a kobold brigand
    84 | D        | Noticed a two-headed ogre
    84 | D        | Noticed a wyvern
    84 | D        | Noticed a troll
    87 | D        | HP: 2/45 [troll (4)]
    87 | D        | Slain by a troll

Illustrated notes

Levels and vault maps discovered:
D:        linesprint [early_d, line_temple, items_1, d_10, items_2, lair_1,
          lair_end, items_3, orc_1, orc_end, items_4, d_15, swamp_1, shoals_1,
          snake_1, spider_1, d_20, vaults_1, items_5, swamp_end, shoals_end,
          snake_end, spider_end, vaults_end, d_27, items_6, zot_1, zot_end,
          crypt_end, forest_end, elf_end, slime_end, tomb_end, abyss_end,
          pan_hell_end]

Skill      XL: |  1  2  3 |
---------------+----------+-----
Polearms       | 4 6 7 |  7.8
Fighting       | 4 5 6 |  6.3
Armour         | 4 5 6 |  6.3
Shields        | |  3.6

Action                     |  1- 3 |  4- 6 || total
---------------------------+-------+-------++-------
  Melee: Trident           |    23 |     3 ||    26
         Headbutt          |     3 |     1 ||     4
    Use: Scroll            |     1 |       ||     1
 Armour: Scale mail        |     6 |     2 ||     8
  Dodge: Dodged            |     6 |     1 ||     7
  Block: Buckler           |     5 |     1 ||     6
